Map: Ruins of Seras

Players

Alar

  • Race: Protoss Protoss
  • League: Platinum

Spiderbro - Winner!

  • Race: Terran Terran
  • League: Platinum

VOD

Have the link to the VOD?

Description

Epic TvP battle between streamers on Ruins of Seras.

Time

  • Played on: Sept. 24, 2015, 3:13 p.m.
  • Length: 37:34
Show
View Real Time Build Order
Export as new Build Order

Alar Protoss 

Build Orders: 1 Gate Expand 

Get SALT Encoding   

  12  0:00  Probe (Chrono Boost)  
  14  0:17  Probe (Chrono Boost), Pylon  
  14  0:27  Probe (Chrono Boost)  
  15  0:37  Gateway  
  15  0:38  Probe (Chrono Boost)  
  16  0:47  Assimilator  
  16  0:49  Probe (Chrono Boost)  
  17  0:59  Probe (Chrono Boost)  
  18  1:09  Probe (Chrono Boost)  
  19  1:19  Probe (Chrono Boost)  
  20  1:28  Nexus  
  20  1:41  Cybernetics Core, Probe (Chrono Boost)  
  21  1:51  Probe (Chrono Boost)  
  21  1:52  Pylon  
  22  2:01  Probe (Chrono Boost)  
  23  2:09  Assimilator  
  24  2:17  Mothership Core (Chrono Boost)  
  24  2:20  Adept  
  24  2:21  Warp Gate  
  27  2:34  Probe (Chrono Boost)  
  27  2:36  Pylon  
  28  2:39  Gateway  
  28  2:42  Probe (Chrono Boost)  
  29  2:44  Probe (Chrono Boost)  
  29  2:47  Adept  
  32  2:52  Probe (Chrono Boost)  
  32  2:55  Probe (Chrono Boost)  
  34  3:02  Probe (Chrono Boost)  
  35  3:08  Pylon  
  35  3:10  Probe (Chrono Boost)  
  36  3:16  Probe (Chrono Boost)  
  37  3:28  Probe (Chrono Boost)  
  37  3:29  Probe (Chrono Boost)  
  37  3:32  Assimilator  
  39  3:35  Robotics Facility  
  39  3:36  Assimilator  
  39  3:38  Probe (Chrono Boost)  
  39  3:39  Probe (Chrono Boost)  
  41  3:48  Probe x2 (Chrono Boost)  
  41  3:50  Pylon  
  43  3:56  Pylon  
  43  4:01  Probe (Chrono Boost)  
  42  4:06  Gateway  
  42  4:16  Probe (Chrono Boost)  
  43  4:17  Forge  
  43  4:18  Probe (Chrono Boost)  
  43  4:21  Observer (Chrono Boost)  
  45  4:25  Pylon  
  45  4:27  Probe x2  
  47  4:39  Probe  
  47  4:42  Adept x2  
  47  4:44  Probe  
  43  4:49  Observer (Chrono Boost)  
  45  4:53  Probe x2  
  45  4:58  Pylon  
  47  5:05  Stalker x2, Probe  
  52  5:08  Probe  
  48  5:25  Probe  
  49  5:28  Stalker x2  
  45  5:38  Immortal (Chrono Boost)  
  49  5:49  Nexus  
  49  5:53  Probe  
  49  6:00  Pylon  
  49  6:05  Probe  
  49  6:11  Immortal (Chrono Boost)  
  50  6:17  Probe  
  55  6:18  Adept  
  55  6:19  Adept  
  55  6:24  Protoss Ground Weapons Level 1  
  59  6:30  Probe  
  59  6:32  Adept  
  62  6:41  Pylon  
  62  6:42  Probe  
  63  6:48  Pylon  
  63  6:59  Probe  
  63  7:01  Observer (Chrono Boost)  
  63  7:03  Probe  
  65  7:11  Probe  
  65  7:12  Pylon  
  65  7:13  Probe  
  67  7:23  Probe x2  
  67  7:28  Warp Prism (Chrono Boost)  
  69  7:31  Nexus  
  69  7:34  Probe, Pylon  
  69  7:35  Probe  
  73  7:42  Gateway  
  73  7:44  Probe  
  74  7:53  Probe  
  74  7:54  Probe  
  76  8:05  Probe  
  76  8:08  Immortal (Chrono Boost)  
  76  8:09  Probe  
  81  8:14  Twilight Council  
  81  8:17  Probe, Gateway  
  81  8:19  Gateway  
  82  8:25  Adept x2  
  82  8:26  Adept  
  88  8:34  Protoss Ground Armor Level 1  
  88  8:36  Probe  
  89  8:49  Adept x3  
  89  8:55  Immortal (Chrono Boost)  
  81  8:57  Probe  
  81  9:01  Nexus  
  86  9:05  Pylon  
  86  9:06  Pylon  
  86  9:10  Adept x2  
  86  9:11  Adept  
  86  9:13  Charge (Chrono Boost)  
  92  9:22  Templar Archives  
  92  9:24  Photon Cannon  
  92  9:25  Pylon  
  92  9:29  Immortal (Chrono Boost)  
  96  9:32  Sentry x2  
  96  9:33  Sentry  
  96  9:34  Probe  
  96  9:36  Probe  
  104  9:44  Probe  
  104  9:51  Assimilator  
  105  9:53  Probe  
  105  9:56  Assimilator  
  105  9:57  Photon Cannon  
  105  9:59  High Templar x2  
  110  10:00  Photon Cannon, High Templar x3  
  110  10:01  High Templar  
  110  10:02  Immortal (Chrono Boost), Archon  
  110  10:03  Archon x2  
  118  10:08  Probe  
  123  10:17  Assimilator  
  123  10:18  Probe  
  123  10:20  Assimilator  
  124  10:28  Probe  
  124  10:32  Protoss Ground Armor Level 2  
  124  10:35  High Templar  
  127  10:36  High Templar x2  
  127  10:37  Probe, Zealot, High Templar  
  127  10:38  Zealot  
  127  10:39  Archon  
  127  10:40  Archon  
  138  10:43  Immortal  
  138  10:48  Photon Cannon  
  138  10:52  Photon Cannon  
  142  11:05  High Templar  
  142  11:09  Zealot x4  
  142  11:10  Zealot  
  154  11:11  Nexus  
  154  11:16  Gateway  
  154  11:18  Immortal, Gateway  
  154  11:25  Gateway  
  158  11:33  Adept  
  158  11:34  Adept x2  
  164  11:40  Pylon  
  164  11:43  Pylon  
  164  11:46  Pylon  
  164  11:47  Pylon  
  164  11:48  Pylon  
  164  12:02  High Templar  
  164  12:03  Shield Upgrade (Chrono Boost), High Templar x3  
  164  12:07  Dark Shrine  
  172  12:09  Archon x2  
  172  12:30  Zealot x2  
  172  12:31  Zealot  
  172  12:32  Zealot x2  
  182  12:41  Gateway  
  182  12:43  Gateway  
  148  12:53  Zealot x3  
  148  12:55  Zealot  
  126  12:59  Zealot  
  126  13:01  Immortal, Zealot x3  
  126  13:02  Zealot  
  126  13:19  Zealot  
  122  13:20  Zealot x4  
  120  13:33  Immortal  
  110  13:38  High Templar x3  
  110  13:39  High Templar  
  110  13:40  High Templar x3  
  110  13:41  Zealot, High Templar  
  121  13:44  Archon  
  121  13:45  Archon x3  
  115  13:52  Protoss Ground Weapons Level 2 (Chrono Boost)  
  103  14:05  Immortal  
  103  14:07  Pylon  
  103  14:12  Gateway, High Templar x2  
  103  14:13  High Templar x3  
  103  14:14  Gateway  
  103  14:15  Zealot x3  
  103  14:16  Zealot  
  125  14:17  Gateway, Zealot x2  
  125  14:19  Archon x2  
  129  14:30  Mothership Core  
  131  14:38  Zealot x2  
  131  14:39  Immortal, Zealot x4  
  143  14:47  High Templar  
  143  14:48  High Templar  
  143  14:49  High Templar  
  143  14:50  Zealot x2  
  157  14:52  Archon  
  157  14:54  Archon  
  157  15:02  Assimilator  
  157  15:06  Assimilator  
  157  15:11  Warp Prism  
  157  15:13  High Templar  
  157  15:14  Zealot, High Templar x2  
  161  15:15  Zealot x4  
  161  15:17  Nexus  
  161  15:18  Archon  
  161  15:19  Zealot x3  
  161  15:20  Zealot  
  183  15:31  Pylon  
  183  15:33  Pylon  
  183  15:36  High Templar x2  
  183  15:37  High Templar  
  183  15:39  Archon  
  183  15:41  Archon  
  189  15:47  Zealot x3  
  195  15:57  Protoss Ground Armor Level 3 (Chrono Boost)  
  195  16:21  Zealot x2  
  91  16:41  Stalker x3  
  91  16:42  Stalker x5  
  91  16:43  Stalker x5  
  91  16:44  Stalker  
  91  16:45  Immortal  
  115  17:09  Stalker x6  
  115  17:10  Stalker x5  
  117  17:39  Stalker  
  117  17:40  Stalker x5  
  117  17:41  Stalker x5  
  117  17:42  Stalker  
  141  17:46  Immortal  
  143  18:10  Zealot x2  
  143  18:11  Zealot x7, Blink  
  143  18:12  Zealot x2  
  165  18:18  Immortal  
  165  18:23  Assimilator  
  165  18:25  Assimilator  
  165  18:51  Immortal  
  137  19:07  Stalker x2  
  137  19:08  Stalker x2  
  137  19:09  Stalker x4  
  145  19:10  Stalker x5  
  145  19:11  Stalker  
  145  19:14  Protoss Ground Weapons Level 3 (Chrono Boost)  
  151  19:28  Photon Cannon  
  151  19:39  High Templar  
  151  19:40  High Templar x4  
  151  19:41  High Templar  
  151  19:42  Zealot x4  
  151  19:43  Archon x2  
  151  19:45  Nexus, Archon  
  171  19:49  Stalker x2  
  175  20:00  Warp Prism  
  175  20:03  Stalker x3  
  175  20:04  Stalker  
  185  20:14  High Templar  
  185  20:16  High Templar  
  185  20:17  Zealot x2  
  185  20:18  Zealot  
  195  20:40  Stalker  
  195  20:41  Stalker  
  199  20:57  Observer  
  168  21:13  Stalker x4  
  168  21:14  Stalker  
  168  21:16  Stalker x2  
  168  21:17  Stalker x3  
  168  21:18  Stalker  
  162  21:23  Stalker x3  
  154  21:32  Observer  
  132  21:36  Stalker  
  132  21:37  Stalker x2  
  111  21:49  High Templar x3  
  111  21:50  Stalker, High Templar  
  111  21:51  Stalker  
  109  22:07  Immortal  
  97  22:18  Stalker x4  
  97  22:19  Stalker  
  97  22:20  Zealot  
  97  22:21  Zealot x4  
  97  22:22  Zealot x4  
  121  22:39  Immortal  
  121  22:46  Assimilator  
  121  22:50  High Templar x3, Assimilator  
  131  22:51  High Templar  
  131  22:52  Zealot x3, High Templar  
  131  22:53  Zealot x6  
  131  22:55  Nexus  
  153  23:03  Stargate  
  153  23:14  Observer  
  154  23:26  Protoss Shields Level 1 (Chrono Boost)  
  154  23:27  Stalker x3  
  154  23:28  Stalker x6  
  154  23:32  Observer  
  173  23:55  High Templar x2  
  173  23:56  High Templar  
  179  24:06  Void Ray (Chrono Boost)  
  183  24:23  Zealot x2  
  187  24:26  Zealot x2  
  191  24:44  Assimilator  
  191  24:49  Assimilator  
  181  25:06  Archon x2  
  135  25:07  Archon  
  135  25:10  Stalker  
  135  25:12  Stalker x3  
  135  25:13  Stalker  
  109  25:14  Stalker  
  109  25:16  Stalker  
  109  25:19  Stalker x2  
  103  25:24  Stalker x3  
  103  25:25  Stalker x2, Void Ray (Chrono Boost)  
  89  25:34  Stargate  
  75  25:38  Stalker  
  75  25:39  Stalker x2  
  75  25:40  Stalker x4  
  89  25:50  Stalker x3  
  89  25:51  Stalker x2  
  89  25:52  Stalker x2  
  103  26:05  Void Ray (Chrono Boost)  
  103  26:10  Stalker x2  
  103  26:11  Stalker  
  113  26:19  Nexus  
  113  26:20  Pylon  
  113  26:23  Pylon  
  113  26:30  Void Ray (Chrono Boost)  
  117  26:40  High Templar x2  
  117  26:41  High Templar x2  
  117  26:44  Archon  
  117  26:45  Archon  
  125  26:49  Dark Templar  
  127  27:10  Stalker x5  
  127  27:11  Stalker x3  
  143  27:16  Void Ray (Chrono Boost)  
  147  27:24  Probe  
  147  27:29  Protoss Shields Level 2, Void Ray (Chrono Boost)  
  152  27:42  Protoss Air Weapons Level 1 (Chrono Boost)  
  150  27:44  Stalker  
  150  27:45  Stalker x2  
  150  27:51  Void Ray  
  160  28:09  Void Ray  
  164  28:25  Void Ray  
  164  28:26  Stalker x2  
  164  28:27  Stalker  
  170  28:32  Pylon  
  174  28:37  Pylon  
  174  28:42  Stalker x4  
  174  28:43  Stalker x2, Pylon  
  174  28:44  Void Ray  
  186  28:52  Pylon  
  176  29:02  Void Ray  
  132  29:10  Stalker x4  
  132  29:11  Stalker  
  132  29:12  Stalker x2  
  132  29:13  Stalker x2  
  132  29:14  Stalker x2  
  112  29:18  Stalker  
Show
View Real Time Build Order
Export as new Build Order

Spiderbro Terran - Winner!

Build Orders:  

Get SALT Encoding   

  12  0:01  SCV  
  13  0:13  SCV  
  14  0:18  Supply Depot  
  14  0:25  SCV  
  15  0:40  SCV  
  15  0:42  Barracks  
  16  0:46  Refinery  
  16  0:52  SCV  
  17  1:04  SCV  
  18  1:16  SCV  
  19  1:29  Barracks Tech Lab  
  20  1:32  Supply Depot  
  20  1:35  Orbital Command  
  19  1:48  Marauder  
  21  2:03  SCV  
  21  2:07  Factory  
  22  2:16  Supply Depot, Marauder  
  22  2:17  SCV  
  22  2:20  Bunker  
  25  2:29  SCV  
  26  2:42  SCV  
  26  2:44  Marauder  
  29  2:50  Widow Mine  
  31  2:54  SCV  
  31  2:55  Command Center  
  32  3:02  Supply Depot  
  32  3:05  Marauder  
  34  3:06  SCV  
  34  3:07  Concussive Shells  
  35  3:17  Refinery  
  35  3:18  SCV  
  36  3:26  Marauder  
  38  3:27  Widow Mine  
  38  3:30  SCV  
  38  3:31  Supply Depot  
  41  3:48  Marauder  
  43  3:49  SCV  
  44  3:56  Widow Mine  
  46  4:09  SCV, Marauder  
  49  4:12  Supply Depot, Engineering Bay  
  49  4:17  Orbital Command  
  49  4:20  Refinery  
  49  4:31  Marauder  
  49  4:48  SCV x2  
  53  5:00  SCV x2  
  53  5:13  Factory Tech Lab, Marauder  
  53  5:34  Marauder  
  49  5:37  SCV, Cyclone  
  49  5:41  Factory x2  
  49  5:42  Refinery  
  53  5:45  SCV  
  55  5:50  SCV  
  55  5:51  Command Center  
  55  5:56  Missile Turret x4  
  55  5:57  SCV  
  55  6:02  Marauder  
  56  6:05  Missile Turret, Mag-Field Accelerator  
  56  6:08  SCV  
  56  6:09  Cyclone  
  60  6:17  SCV  
  61  6:18  Bunker  
  61  6:20  SCV, Bunker  
  61  6:25  Factory Tech Lab  
  62  6:27  Factory Reactor  
  62  6:29  SCV  
  63  6:33  SCV, Supply Depot  
  63  6:34  Ghost Academy  
  63  6:35  Marauder  
  66  6:41  SCV  
  66  6:45  SCV  
  68  6:54  Cyclone x2  
  68  6:55  SCV  
  68  6:56  Supply Depot  
  68  6:57  Supply Depot  
  68  6:58  Missile Turret  
  75  7:03  Ghost  
  75  7:05  Hellion x2  
  81  7:11  SCV x2  
  83  7:20  Supply Depot x2  
  83  7:23  SCV x2, Refinery  
  83  7:24  Planetary Fortress, Refinery  
  85  7:35  SCV x2  
  87  7:40  Cyclone  
  87  7:42  Hellion x2  
  94  7:47  SCV  
  94  7:48  Missile Turret  
  95  7:52  Supply Depot  
  95  7:55  SCV  
  96  7:59  SCV, Cyclone  
  100  8:09  Hellion x2  
  100  8:10  Ghost  
  100  8:12  SCV  
  107  8:15  SCV x2, Supply Depot  
  109  8:21  Cyclone  
  109  8:24  SCV  
  113  8:27  SCV x2  
  113  8:30  Armory  
  115  8:34  Supply Depot  
  115  8:36  SCV  
  115  8:39  SCV  
  115  8:40  Cyclone  
  115  8:41  Supply Depot, Hellion x2  
  122  8:42  SCV  
  122  8:48  SCV  
  122  8:57  Ghost  
  122  8:58  Cyclone  
  127  9:03  Hellion x2  
  127  9:06  SCV x2  
  127  9:07  SCV  
  127  9:09  Starport  
  134  9:10  Supply Depot  
  134  9:11  Supply Depot  
  134  9:18  SCV  
  135  9:25  Hellion  
  137  9:36  Missile Turret  
  137  9:37  Terran Vehicle And Ship Armor Level 1  
  137  9:38  Cyclone x2  
  143  9:39  Hellion  
  143  9:43  Ghost  
  143  9:44  SCV  
  148  9:53  Starport Reactor  
  148  9:54  Hellion  
  148  9:55  SCV  
  148  9:56  Infernal Pre-Igniter  
  151  10:01  Hellion  
  151  10:03  Command Center, Refinery  
  151  10:06  Refinery, Missile Turret  
  153  10:11  Cyclone  
  156  10:16  Hellion  
  158  10:26  Cyclone, Ghost  
  158  10:28  Hellion  
  165  10:31  Supply Depot, Medivac  
  167  10:39  Hellion  
  167  10:40  Medivac  
  167  10:41  SCV  
  167  10:42  SCV x2  
  174  10:54  SCV x2  
  176  11:06  Cyclone x2, Ghost  
  176  11:07  Hellion x2  
  188  11:16  Medivac  
  190  11:35  Hellion x2  
  190  11:36  Ghost  
  190  11:38  Medivac  
  198  11:46  Medivac  
  200  11:57  Starport  
  200  12:01  Starport x3  
  200  12:03  Starport  
  200  12:04  Starport  
  200  12:08  Fusion Core  
  200  12:16  Planetary Fortress  
  134  13:02  Cyclone x2  
  134  13:03  Hellion x2, Ghost, Medivac x2  
  130  13:15  Viking x4  
  138  13:24  Hellion x2  
  142  13:34  Cyclone x2  
  132  13:56  Starport Tech Lab x2  
  132  13:57  Starport Tech Lab  
  132  13:59  Starport Tech Lab  
  132  14:02  Terran Ship Weapons Level 1  
  132  14:07  Armory  
  132  14:17  Ghost  
  132  14:18  Battlecruiser x2  
  132  14:20  Hellion x2  
  132  14:21  Hellion x2  
  132  14:23  SCV  
  155  14:27  Weapon Refit  
  155  14:41  Battlecruiser  
  155  14:42  Hellion x4  
  169  14:48  Command Center  
  169  14:51  Refinery x2  
  169  14:55  Terran Vehicle And Ship Armor Level 2  
  169  14:59  Ghost  
  171  15:03  Hellion x3  
  177  15:11  SCV  
  177  15:12  SCV x3  
  181  15:15  Battlecruiser  
  181  15:16  Hellion  
  189  15:24  Hellion  
  189  15:25  Hellion x2  
  189  15:27  Ghost  
  197  15:38  Hellion  
  199  16:04  Terran Ship Weapons Level 2, Barracks  
  199  16:05  Barracks  
  145  16:32  Battlecruiser  
  145  16:33  Battlecruiser x3  
  145  16:34  Hellion x4, Ghost  
  151  16:47  Viking  
  151  16:48  Viking  
  151  16:52  SCV  
  156  16:55  Planetary Fortress, Hellion x3  
  162  17:02  Marine  
  163  17:09  Hellion  
  163  17:12  SCV  
  166  17:16  Hellion x2  
  166  17:17  Viking  
  166  17:18  Viking  
  166  17:20  Ghost  
  164  17:24  Command Center  
  152  17:36  Hellion x2  
  136  17:37  Battlecruiser  
  136  17:38  Battlecruiser x3, Hellion  
  136  17:39  SCV  
  145  17:49  Reaper  
  145  17:50  Liberator  
  128  18:06  Medivac  
  128  18:08  Hellion x3, Widow Mine  
  128  18:10  SCV  
  140  18:18  Barracks  
  140  18:21  Ghost  
  142  18:28  Cloaking Field  
  142  18:30  Hellion x3  
  142  18:33  SCV x2  
  150  18:37  Hellion  
  150  18:41  Banshee  
  151  18:42  Banshee x2  
  147  18:49  Ghost  
  147  18:51  Hellion  
  108  19:13  Banshee  
  111  19:19  Medivac x2  
  111  19:20  Hellion x3  
  111  19:21  Hellion  
  111  19:23  Banshee  
  126  19:24  Banshee  
  129  19:31  Refinery  
  129  19:36  Ghost  
  131  19:39  Barracks Tech Lab  
  131  20:01  SCV x3  
  131  20:05  Marine  
  135  20:14  Ghost  
  135  20:15  Hellion x4  
  135  20:19  Refinery  
  145  20:27  Ghost  
  147  20:33  Banshee  
  147  20:34  Banshee  
  153  20:51  Refinery  
  153  20:55  Ghost  
  116  21:24  Orbital Command  
  92  21:42  Battlecruiser x2  
  92  21:43  Hellion x2, Ghost  
  92  21:44  Hellion  
  112  21:53  SCV x2  
  115  21:58  Orbital Command  
  112  22:04  Hellion, Ghost  
  112  22:05  Hellion  
  117  22:12  Ghost  
  117  22:13  Hellion x2  
  123  22:26  Hellion x2  
  127  22:34  Hellion x2  
  131  22:41  Ghost  
  131  22:43  Banshee  
  137  22:44  SCV  
  137  22:47  SCV x2, Hellion  
  141  22:57  Hellion x2, Ghost  
  141  22:58  Hellion  
  149  22:59  SCV  
  150  23:09  Hellion  
  150  23:12  Refinery  
  152  23:20  Ghost  
  152  23:21  Hellion x3  
  160  23:30  Hellion  
  160  23:32  SCV  
  163  23:35  Missile Turret  
  163  23:36  Ghost  
  163  23:40  Nuke  
  165  23:42  Hellion  
  165  23:44  SCV, Hellion x2  
  172  23:51  Hellion  
  172  23:55  Planetary Fortress  
  174  24:04  Hellion, Ghost  
  178  24:22  Hellion x2  
  178  24:23  Battlecruiser  
  188  24:24  SCV  
  121  25:32  Ghost x2  
  121  25:33  Hellion x4  
  131  25:39  Terran Vehicle And Ship Armor Level 3, Terran Ship Weapons Level 3  
  131  25:40  Battlecruiser  
  131  25:42  Viking x3  
  143  25:44  SCV  
  144  25:54  Hellion x2  
  144  25:56  Hellion  
  144  25:57  Hellion  
  152  25:59  Command Center  
  152  26:21  Ghost x2  
  156  26:26  Viking x2  
  156  26:30  Refinery x2  
  156  26:32  Missile Turret  
  160  26:38  Battlecruiser  
  166  27:02  Battlecruiser  
  166  27:04  Viking  
  174  27:12  Marine  
  175  27:16  Marine  
  175  27:31  Planetary Fortress  
  175  27:34  Missile Turret  
  174  27:45  Viking  
  174  27:46  Viking x2, Ghost  
  174  27:51  SCV  
  183  27:53  Missile Turret  
  183  28:22  Battlecruiser, Ghost  
  183  28:23  Marauder  
  183  28:25  Raven  
  151  29:27  Battlecruiser x4  
  151  29:28  Hellion  
Tags
 
Add a new tag
Caveats
  • Supply blocks, unpowered buildings, or Contaminate may cause inaccurate times.
  • Supply counts are checked every 10 seconds.